 Dungeon Crawl Stone Soup version 0.30-a0-1103-g25895a7845 (webtiles) character file.

Game seed: 668305543682265520

525 bobo the Ruffian (level 7, -2/57 HPs)
             Began as a Red Draconian Transmuter on Apr 17, 2023.
             Was an Initiate of Gozag.
             Succumbed to a water moccasin's poison
             ... on level 5 of the Dungeon on Apr 18, 2023.
             The game lasted 00:09:24 (2994 turns).

bobo the Ruffian (Red Draconian Transmuter)         Turns: 2994, Time: 00:09:24

Health: -2/57      AC:  6    Str: 12    XL:     7   Next: 2%
Magic:  10/12      EV: 12    Int: 16    God:    Gozag
Gold:   297        SH:  0    Dex: 11    Spells: 5/12 levels left

rFire   + . .      SeeInvis .      - Unarmed
rCold   . . .      Faith    .    (no shield)
rNeg    . . .      Spirit   .    (body armour unavailable)
rPois   .          Reflect  .    (helmet currently unavailable)
rElec   .          Rampage  .    (no cloak)
rCorr   .                        (no gloves)
Will    .....                    (boots currently unavailable)
Stlth   +                        (no amulet)
HPRegen 0.29/turn                (no ring)
MPRegen 0.13/turn                (no ring)

@: mighty, lethally poisoned (-2 -> -18), short of breath, appendages,
wereblooded
A: horns 2, talons 2, breathe fire, AC +6, unfitting armour, fire resistance 1,
cold-blooded
a: Breathe Fire, End Transformation, Renounce Religion, Potion Petition, Call
Merchant, Bribe Branch


You were on level 5 of the Dungeon.
You worshipped Gozag.
Gozag was aware of your devotion.
You had temporarily grown beastly horns and talons.
You visited 1 branch of the dungeon, and saw 5 of its levels.

You collected 333 gold pieces.
You paid 36 gold pieces to Gozag.

Inventory:

Jewellery
 k - a ring of positive energy
Wands
 t - a wand of acid (12)
Scrolls
 c - a scroll of teleportation
 h - a scroll of fear
 n - a scroll of immolation
 p - a scroll of noise {unknown}
 q - a scroll of blinking
 r - a scroll of enchant armour
Potions
 a - 2 potions of lignification
 b - a potion of cancellation {unknown}
 d - a potion of might
 f - a potion of berserk rage {unknown}
 g - a potion of attraction {unknown}
 i - 2 potions of brilliance
 j - 4 potions of mutation
 o - 2 potions of haste {unknown}
 s - a potion of resistance {unknown}


   Skills:
 + Level 3.5 Fighting
 + Level 3.3 Dodging
 + Level 4.4 Unarmed Combat
 + Level 3.4 Spellcasting
 + Level 3.7 Transmutations
 + Level 1.0 Ice Magic


You had 5 spell levels left.
You knew the following spells:

 Your Spells              Type           Power      Damage    Failure   Level
a - Beastly Appendage     Tmut           28%        N/A       3%          1
d - Ice Form              Ice/Tmut       10%        N/A       54%         4
z - Wereblood             Tmut           14%        N/A       6%          2

Your spell library contained the following spells:

 Spells                   Type           Power      Damage    Failure   Level
 Spider Form              Tmut/Pois      8%         N/A       26%         3
 Alistair's Intoxication  Tmut/Pois      5%         N/A       93%         5
 Borgnjor's Vile Clutch   Necr/Erth      1%         N/A       99%         5
 Eringya's Noxious Bog    Tmut/Pois      4%         N/A       100%        6


Dungeon Overview and Level Annotations

Branches:
Dungeon (5/15)
 Temple: D:4-7

Altars:
Cheibriados
Gozag
Sif Muna
Trog
Xom
Yredelemnul

Shops:
D:1 =

Annotations:
D:5 1 transporter


Innate Abilities, Weirdness & Mutations

You have temporarily grown beastly horns and talons.
You can breathe blasts of fire.
Your fiery red scales are hard. (AC +6)
You cannot fit into any form of body armour.
Your flesh is heat resistant. (rF+)
You are cold-blooded and may be slowed by cold attacks.


Message History

You feel very sick. The water moccasin bites you.
You are more poisoned.
The water moccasin poisons you! The orc barely misses you.
The orc hits you with a +0 mace.
You hit the water moccasin. Your kick misses the water moccasin.
The water moccasin is severely wounded.
You feel very sick. The water moccasin bites you.
You are lethally poisoned!
The water moccasin poisons you! The orc hits you but does no damage.
The orc misses you. The water moccasin barely misses you.
You miss the water moccasin.
Your headbutt misses the water moccasin.
Your tail-slap misses the water moccasin.
The water moccasin is severely wounded.
You feel extremely sick.
The water moccasin bites you but does no damage.
The orc closely misses you. The orc barely misses you.
You barely miss the water moccasin. Your kick misses the water moccasin.
Your headbutt misses the water moccasin.
The water moccasin is severely wounded.
You feel very sick. The water moccasin bites you.
* * * LOW HITPOINT WARNING * * *
The orc barely misses you. The orc closely misses you.
You barely miss the water moccasin. Your kick misses the water moccasin.
The water moccasin is severely wounded.
You hear the hiss of an avalanche of sand very nearby.
* * * LOW HITPOINT WARNING * * *
You feel very sick. The water moccasin bites you.
* * * LOW HITPOINT WARNING * * *
The orc hits you but does no damage. The water moccasin bites you.
* * * LOW HITPOINT WARNING * * *
The orc barely misses you.
It was a potion of might.
You feel very mighty all of a sudden.
You die...
Your body crumbles into a pile of gold.

# ## .############
#.##........# ##..........###
##...........#######
*#.######.......oo..# #.?*
#.........@So°#***** ***
s#.***#.##..#.####..#*8,,*** *
...,,...,#....#**#..#***,∩,***
,..,...,.......,,.....***,,,,*
#####..........###..###,,,,,,*
.:.g##....[....# #..# *,,,,,**
,*,,8#..[......# #..#***,,,***
,,*,,#..##)..#.# #..#*8*,,,* *
,,,,,*$,**,,,,,* #...,,,,,,***


You could see a water moccasin and 3 orcs.

Vanquished Creatures
  Sigmund (D:2)
  2 scorpions (D:4)
  A hound (D:5)
  An iguana (D:5)
  An orc wizard (D:3)
  8 adders
  An ufetubus (D:4)
  2 worms (D:2)
  6 orcs
  11 ball pythons
  9 endoplasms
  4 giant cockroaches
  5 goblins
  12 hobgoblins
  4 jackals (D:1)
  5 kobolds
  2 quokkas
  2 bats
  4 frilled lizards (D:1)
  5 rats
86 creatures vanquished.

Notes
Turn   | Place    | Note
-------+----------+-------------------------------------------
     0 | D:1      | bobo the Draconian Transmuter began the quest for the Orb.
     0 | D:1      | Reached XP level 1. HP: 16/16 MP: 3/3
   160 | D:1      | Reached XP level 2. HP: 19/23 MP: 3/5
   174 | D:1      | Learned a level 2 spell: Wereblood
   324 | D:1      | Upgraded the game from 0.30-a0-1085-g990a428a5c to
                  | 0.30-a0-1094-g860fb061e7
   424 | D:1      | Reached XP level 3. HP: 29/29 MP: 2/6
   471 | D:1      | Found Puoh's Jewellery Emporium.
   838 | D:2      | You fall into a shaft and drop 1 floor!
   907 | D:3      | Reached XP level 4. HP: 33/36 MP: 3/7
  1025 | D:3      | Found a large runed translucent door.
  1025 | D:3      | Found a large runed translucent door.
  1190 | D:2      | Learned a level 4 spell: Ice Form
  1193 | D:2      | Noticed Sigmund
  1206 | D:2      | Killed Sigmund
  1207 | D:2      | Reached skill level 4 in Unarmed Combat
  1207 | D:2      | Reached XP level 5. HP: 17/45 MP: 6/9
  1352 | D:2      | Reached XP level 6. HP: 51/51 MP: 6/10
  1879 | D:3      | Found an opulent altar of Gozag.
  1882 | D:3      | Found a basalt altar of Yredelemnul.
  1883 | D:3      | Upgraded the game from 0.30-a0-1094-g860fb061e7 to
                  | 0.30-a0-1103-g25895a7845
  1888 | D:3      | Became a worshipper of Gozag Ym Sagoz the Greedy
  2632 | D:4      | Reached skill level 1 in Ice Magic
  2771 | D:4      | Found a bloodstained altar of Trog.
  2773 | D:4      | Found a glowing golden altar of the Shining One.
  2773 | D:4      | Found a shimmering blue altar of Sif Muna.
  2775 | D:4      | Found a shimmering altar of Xom.
  2775 | D:4      | Found a shimmering blue altar of Sif Muna.
  2775 | D:4      | Found a snail-covered altar of Cheibriados.
  2814 | D:5      | Entered Level 5 of the Dungeon
  2855 | D:5      | Noticed an ice beast
  2965 | D:5      | Found a transporter.
  2974 | D:5      | Your scales start taking on a fiery red colour.
  2974 | D:5      | Reached XP level 7. HP: 55/57 MP: 12/12
  2974 | D:5      | Gained mutation: Your flesh is heat resistant. (rF+) [Red
                  | Draconian growth]
  2993 | D:5      | HP: 1/57 [water moccasin (5)]
  2994 | D:5      | Succumbed to a water moccasin's poison

Illustrated notes

Levels and vault maps discovered:
D:1:      amcnicky_arrival_choice, layout_basic, serial_shops, shop,
          st_stairs_8, dk_noncrumbling_4
D:2:      layout_rooms, uniq_sigmund
D:3:      layout_rooms, jmf_multi_god_temple2, corexii_item_surrounded_by_moat
D:4:      layout_loops_ring, doesnt_xom_only_xom, feat_on_display
D:5:      layout_loops_ring, fedhas_bush_and_centaur_altar,
          lightli_ossuary_entry_decrepit_ruins, gammafunk_ghost_arena,
          kennysheep_generic_room_14, uniq_menkaure

Skill      XL: |  1  2  3  4  5  6 |
---------------+-------------------+-----
Dodging        | 2 3 |  3.3
Fighting       | 2 3 |  3.5
Unarmed Combat | 4 |  4.4
Spellcasting   | 3 |  3.4
Transmutations | 3 |  3.7
Ice Magic      | 1 |  1.0

Action                     |  1- 3 |  4- 6 |  7- 9 || total
---------------------------+-------+-------+-------++-------
  Melee: Unarmed           |    92 |   150 |     5 ||   247
         Kick              |    18 |    33 |       ||    51
         Headbutt          |     8 |    24 |       ||    32
         Tailslap          |     4 |    18 |       ||    22
         Punch             |     1 |     6 |       ||     7
   Cast: Beastly Appendage |    23 |    29 |     1 ||    53
         Wereblood         |     4 |     5 |     1 ||    10
Ability: Breathe Fire      |       |       |     1 ||     1
    Use: Scroll            |       |     9 |       ||     9
         Potion            |       |       |     1 ||     1
 Armour: Skin              |    26 |    40 |     4 ||    70
  Dodge: Dodged            |    64 |    73 |    13 ||   150

Table legend: (Time is in decaauts)
 A = Elapsed time spent in this place.
 B = Non-inter-level travel time spent in this place.
 C = Inter-level travel time spent in this place.
 D = Time resting spent in this place.
 E = Time spent auto-exploring this place.
 F = Levels seen in this place.
 G = Mean time per level.
                   A        B        C        D        E       F      G
               +--------+--------+--------+--------+--------+-----+--------+
         Total |   2979 |   2845 |    134 |      0 |   2145 |   5 |  595.8 |
       Dungeon |   2979 |   2845 |    134 |      0 |   2145 |   5 |  595.8 |
               +--------+--------+--------+--------+--------+-----+--------+

Top non-repeatable levels by time:
     D:4: 951 daAuts
     D:1: 755 daAuts
     D:2: 614 daAuts
     D:3: 535 daAuts
     D:5: 121 daAuts
